Map: [ESL] Alcyone

Players

GuMiho - Winner!

  • Race: Terran Terran
  • Spawn Location: 1:00

Scarlett

  • Race: Zerg Zerg
  • Spawn Location: 7:00

Event: IEM Katowice 2024

VOD

Have the link to the VOD?

Description

Time

  • Played on: Feb. 10, 2024, 5:08 a.m.
  • Length: 7:17

All games in this series

Show
View Real Time Build Order
Export as new Build Order

GuMiho Terran - Winner!

Build Orders: Cyclone Opening, Reaper Expand 

Get SALT Encoding   

  12  0:00  SCV  
  13  0:12  SCV  
  14  0:17  Supply Depot  
  14  0:24  SCV  
  15  0:38  SCV  
  15  0:40  Barracks  
  16  0:42  Refinery  
  16  0:50  SCV  
  17  1:03  SCV  
  18  1:15  SCV  
  19  1:27  Orbital Command, Reaper  
  20  1:38  Command Center  
  20  1:48  Supply Depot  
  20  1:53  SCV  
  22  2:05  Marine  
  22  2:07  Bunker  
  22  2:10  Factory  
  23  2:19  Bunker  
  23  2:20  SCV  
  23  2:23  Marine  
  24  2:30  Refinery  
  24  2:34  SCV  
  25  2:40  Marine  
  25  2:46  SCV  
  26  2:54  Cyclone  
  26  2:58  Marine, SCV, Starport  
  30  3:15  Orbital Command  
  30  3:19  Marine  
  31  3:29  Cyclone  
  33  3:40  Marine  
  31  3:48  SCV  
  31  3:49  SCV  
  31  3:51  Medivac  
  34  3:58  Marine  
  35  4:05  Cyclone  
  38  4:10  SCV  
  38  4:13  SCV  
  38  4:16  Marine  
  40  4:22  SCV  
  41  4:25  SCV, Supply Depot  
  41  4:26  Starport Tech Lab  
  42  4:34  SCV  
  42  4:38  SCV  
  43  4:39  Marine  
  43  4:44  Cyclone  
  41  4:56  Banshee  
  41  4:57  Marine  
  35  5:08  SCV x2  
  35  5:10  Orbital Command  
  36  5:16  Cyclone, Cloaking Field  
  36  5:20  SCV  
  40  5:25  Marine  
  40  5:33  SCV  
  41  5:39  Banshee  
  41  5:41  SCV  
  45  5:45  SCV  
  45  5:49  Cyclone  
  48  5:54  SCV  
  49  5:57  SCV  
  50  6:05  Supply Depot  
  50  6:06  SCV  
  50  6:09  SCV  
  52  6:18  SCV  
  51  6:22  Cyclone  
  53  6:26  SCV  
  53  6:28  Banshee  
  53  6:30  SCV  
  53  6:31  Command Center  
  58  6:37  Supply Depot  
  58  6:38  SCV  
  59  6:41  Barracks Reactor  
  59  6:42  SCV  
  59  6:45  Supply Depot  
  60  6:49  Supply Depot  
  60  6:50  SCV  
  61  6:54  SCV  
Show
View Real Time Build Order
Export as new Build Order

Scarlett Zerg 

Build Orders: Hatch First, Ravager All-In 

Get SALT Encoding   

  12  0:00  Drone  
  13  0:10  Drone  
  14  0:34  Hatchery  
  13  0:49  Spawning Pool  
  12  0:53  Drone  
  13  0:58  Drone  
  14  1:05  Extractor, Drone  
  14  1:11  Extractor  
  14  1:12  Drone  
  14  1:19  Overlord  
  14  1:37  Roach Warren  
  14  1:38  Drone  
  14  1:42  Drone  
  15  1:50  Drone  
  16  2:16  Roach x3  
  16  2:19  Drone  
  23  2:28  Roach  
  25  2:34  Roach  
  25  2:37  Overlord  
  25  2:45  Ravager x3  
  28  2:55  Ravager  
  28  2:56  Ravager  
  28  2:57  Roach  
  31  3:07  Roach  
  31  3:11  Roach  
  35  3:17  Ravager  
  36  3:20  Overlord  
  36  3:39  Ravager  
  31  3:48  Roach x3  
  32  4:00  Roach  
  34  4:08  Ravager x2  
  36  4:20  Ravager  
  37  4:25  Roach  
  37  4:26  Drone  
  37  4:27  Drone x2  
  42  4:33  Roach  
  44  4:45  Roach x2  
  38  4:55  Ravager  
  33  5:00  Roach  
  33  5:03  Drone x3  
  32  5:09  Ravager  
  32  5:13  Queen  
  35  5:15  Ravager  
  36  5:28  Roach x2  
  40  5:44  Hatchery  
  40  5:47  Roach  
  40  5:48  Ravager  
  42  5:58  Overlord  
  42  6:12  Overlord x2  
  39  6:28  Overlord  
  39  6:41  Overlord  
  41  6:47  Ravager  
  41  6:48  Roach, Ravager x2  
  41  6:53  Spore Crawler  
  45  6:58  Spore Crawler  
  44  7:01  Drone  
  44  7:02  Drone x2  

Tags
 
Add a new tag
Caveats
  • Supply blocks, unpowered buildings, or Contaminate may cause inaccurate times.
  • Supply counts are checked every 10 seconds.